 Dungeon Crawl Stone Soup version 0.25.0-3-gd7cc5688da (webtiles) character file.

Game seed: 12529568765912592053

16856 HungrySpirit the Markscentaur (level 12, -6/112 HPs)
             Began as a Centaur Transmuter on June 15, 2020.
             Was an Elder of Okawaru.
             Splashed by an oklob plant's acid (11 damage)
             ... on level 2 of the Lair of Beasts.
             The game lasted 00:50:03 (19367 turns).

HungrySpirit the Markscentaur (Centaur Transmuter) Turns: 19367, Time: 00:50:04

Health: -6/112     AC:  7    Str: 17    XL:     12   Next: 13%
Magic:  15/15      EV:  4    Int: 12    God:    Okawaru [****..]
Gold:   667        SH:  5    Dex: 13    Spells: 14/14 levels left

rFire    + . .     SeeInvis .   J - +1 shortbow (freeze)
rCold    + . .     Gourm    .   (shield currently unavailable)
rNeg     . . .     Faith    .   f - +0 plate armour
rPois    .         Spirit   .   (no helmet)
rElec    .         Reflect  +   K - scarf {rC+ rF+}
rCorr    .         Harm     .   (no gloves)
MR       +....                  (no barding)
Stlth    ..........             O - amulet of reflection
HPRegen  0.28/turn              z - +4 ring of protection
MPRegen  0.14/turn              N - ring of protection from magic

@: corroded, very slightly contaminated, studying Fighting, invisible, very
quick
A: large, hooves 3, blurry vision 1, deformed body, speed 2, strong 1, tough
skin 3
a: Heroism, Renounce Religion


You were on level 2 of the Lair of Beasts.
You worshipped Okawaru.
Okawaru was greatly pleased with you.
You were not hungry.

You visited 3 branches of the dungeon, and saw 14 of its levels.
You also visited: Bailey.

You collected 827 gold pieces.
You spent 160 gold pieces at shops.

Inventory:

Hand Weapons
 C - a +1 dagger of holy wrath
 J - a +1 shortbow of freezing (weapon)
 P - a +0 shortbow
 V - the +1 glaive of Impermanence {drain, rC+}
   (You found it on level 2 of the Lair of Beasts)

   A truly terrible weapon, it drains the life of those it strikes.
   It protects you from cold.
Missiles
 a - 114 arrows (quivered)
 e - 5 boomerangs
 u - 27 poisoned darts
Armour
 f - a +0 plate armour (worn)
 H - +0 acid dragon scales
 K - a scarf of resistance (worn)
Jewellery
 b - an uncursed ring of positive energy
 i - an uncursed ring of magical power
 m - an uncursed ring of protection from cold
 z - a +4 ring of protection (left hand)
 N - a ring of protection from magic (right hand)
 O - an amulet of reflection (around neck)
 Q - an uncursed amulet of the acrobat
 S - an uncursed ring of resist corrosion
Wands
 l - a wand of enslavement (14)
 s - a wand of polymorph (10)
 w - a wand of flame (20)
 G - a wand of disintegration (8)
 R - a wand of paralysis (6)
Scrolls
 j - 14 scrolls of remove curse
 n - a scroll of magic mapping {unknown}
 o - 5 scrolls of amnesia
 r - a scroll of immolation {unknown}
 t - a scroll of random uselessness {unknown}
 y - 2 scrolls of blinking {unknown}
 A - 2 scrolls of fear {unknown}
 D - 2 scrolls of teleportation {unknown}
 F - 4 scrolls of enchant armour {unknown}
 L - a scroll of enchant weapon {unknown}
 T - a scroll of acquirement {unknown}
Potions
 c - a potion of heal wounds
 g - a potion of curing
 k - 3 potions of mutation
 p - 2 potions of might
 q - 2 potions of resistance
 x - 2 potions of brilliance
 E - 3 potions of flight {unknown}
 M - 3 potions of lignification
Books
 h - a manual of Fighting
Miscellaneous
 v - a phantom mirror
Comestibles
 d - 17 rations
 U - 5 chunks of flesh


   Skills:
 + Level 12.1 Fighting
   Level 3.7 Slings
 * Level 15.6 Bows
 + Level 7.2 Armour
 - Level 1.5 Dodging
 - Level 5.0 Unarmed Combat
 - Level 1.5 Spellcasting
   Level 1.7 Transmutations
 - Level 4.0 Invocations


You had 14 spell levels left.
You didn't know any spells.
Your spell library contained the following spells:

 Spells                   Type           Power        Failure   Level  Hunger
 Beastly Appendage        Tmut           #.....       99%         1    ##.....
 Animate Skeleton         Necr           N/A          100%        1    ##.....
 Foxfire                  Conj/Fire      #...         100%        1    ##.....
 Pain                     Necr           #...         100%        1    ##.....
 Sandblast                Erth           #.....       100%        1    ##.....
 Passwall                 Tmut/Erth      #.......     100%        2    ###....
 Sticks to Snakes         Tmut           #.......     100%        2    ###....
 Confusing Touch          Hex            #.......     100%        3    ####...
 Gell's Gravitas          Tloc           #.........   100%        3    ####...
 Spider Form              Tmut/Pois      #.........   100%        3    ####...
 Stone Arrow              Conj/Erth      #.....       100%        3    ####...
 Vampiric Draining        Necr           #.........   100%        3    ####...
 Animate Dead             Necr           N/A          100%        4    #####..
 Ice Form                 Ice/Tmut       #.......     100%        4    #####..
 Petrify                  Tmut/Erth      #.......     100%        4    #####..
 Agony                    Necr           #.......     100%        5    ######.
 Blade Hands              Tmut           #.........   100%        5    ######.
 Lee's Rapid Deconstruct  Erth           #.........   100%        5    ######.
 Metabolic Englaciation   Hex/Ice        #.........   100%        5    ######.
 Yara's Violent Unravell  Hex/Tmut       #.........   100%        5    ######.


Dungeon Overview and Level Annotations

Branches:
Dungeon (11/15)            Temple (1/1) D:4            Lair (2/6) D:8
  Snake (0/4) Lair:2       Bailey (visited)
  Swamp: Lair:2-4    Shoals: Lair:2-4       Orc: D:9-12

Altars:
Ashenzari
Cheibriados
Dithmenos
Elyvilon
Fedhas
Gozag
Hepliaklqana
Kikubaaqudgha
Makhleb
Nemelex Xobeh
Okawaru
Qazlal
Ru
Sif Muna
Trog
Uskayaw
Vehumet
Wu Jian
Xom
Yredelemnul
Zin
The Shining One

Shops:
D:5 (

Annotations:
D:5 5 runed translucent doors
D:10 1 runed translucent door, Hyawatha's ghost, novice VSWz
Lair:1 2 runed translucent doors, Vew Pil's ghost, journeyman DrTm
Lair:2 exclusion: 4 oklob plants


Innate Abilities, Weirdness & Mutations

You have hooves in place of feet.
Armour fits poorly on your strangely shaped body.
You cover ground very quickly.
You have extremely tough skin. (AC +3)
Scrolls take you a little longer to read.
Your muscles are strong. (Str +2)


Message History

The splash of acid hits you! The acid corrodes you!
You are splashed with acid!
The komodo dragon bites you!!
* * * LOW HITPOINT WARNING * * *
The hippogriff bites you but does no damage.
The hippogriff pecks you.
* * * LOW HITPOINT WARNING * * *
The hippogriff claws you but does no damage.
You are very lightly contaminated with residual magic.
You feel much better. The porcupine bites you. The hippogriff bites you.
The hippogriff pecks you. The hippogriff barely misses you.
The oklob plant spits acid at you. The splash of acid hits you!
* * * LOW HITPOINT WARNING * * *
You are splashed with acid!
* * * LOW HITPOINT WARNING * * *
The oklob plant spits acid at you. The splash of acid hits you.
* * * LOW HITPOINT WARNING * * *
You are splashed with acid!
You die...

#....## ...
#....# ..#
##...# ...
##...# ..#
#....#
#######..#
###..##
#(.$.:P..##
##...#
#$.)rHPF..#
#...>#
#.P?%@P..#
#....#
#.=PlPPS..#
##...##
#$[P..P...#
##...#
#######...#
#..## ...#
#P..# ....#
##.## ...#
#..## ....
#...#
#####.##


You could see 4 oklob plants, a komodo dragon, a hippogriff, a blink frog, a
water moccasin and a porcupine.

Vanquished Creatures
  A catoblepas (Lair:2)
  2 unseen horrors (D:10)
  Pikel (D:7)
  An ugly thing (D:10)
  Joseph (D:7)
  3 black mambas
  3 spiny frogs (Lair:1)
  Maggie (D:7)
  A rime drake (Lair:1)
  A komodo dragon (Lair:1)
  A hippogriff (Lair:2)
  3 basilisks
  A wyvern (D:9)
  5 yaks (D:10)
  2 hungry ghosts
  4 nagas (Lair:2)
  A water moccasin (Lair:2)
  11 porcupines
  14 orc warriors
  3 black bears
  A hornet zombie (D:6)
  An ice beast (D:7)
  A sky beast (D:8)
  A slave (D:7)
  A phantom (D:7)
  2 ogres
  17 centaurs
  7 crocodiles
  11 bullfrogs
  5 scorpions
  15 killer bees
  4 wights (D:6)
  4 howler monkeys
  3 centaur zombies
  3 crimson imps
  A jelly (D:5)
  9 orc wizards
  A bullfrog skeleton (D:10)
  2 gnoll shamans
  4 orc priests
  A centaur skeleton (D:7)
  8 hounds
  2 bullfrog zombies (D:6)
  5 iguanas
  4 worker ants
  A hound zombie (D:7)
  11 gnolls
  10 adders
  A shadow imp (D:10)
  An ooze (D:3)
  An adder zombie (D:8)
  3 worms
  2 dart slugs
  5 leopard geckos
  53 orcs
  2 ball pythons
  9 bats
  6 giant cockroaches
  11 goblins
  6 hobgoblins
  20 jackals
  3 quokkas
  4 frilled lizards
  A jackal zombie (D:6)
  6 kobolds
  3 leopard gecko skeletons
  2 quokka skeletons
  7 rats
341 creatures vanquished.

Vanquished Creatures (others)
  2 bullfrogs
  24 fungi
  4 plants (D:10)
30 creatures vanquished.

Grand Total: 371 creatures vanquished

Notes
Turn   | Place    | Note
-------+----------+-------------------------------------------
     0 | D:1      | HungrySpirit the Centaur Transmuter began the quest for the
                  | Orb.
     0 | D:1      | Reached XP level 1. HP: 16/16 MP: 3/3
   264 | D:1      | Reached XP level 2. HP: 15/23 MP: 4/4
   819 | D:2      | Reached XP level 3. HP: 28/30 MP: 5/5
   833 | D:2      | Reached skill level 1 in Armour
   833 | D:2      | Reached XP level 4. HP: 16/38 MP: 6/6
  1147 | D:2      | Found an opulent altar of Gozag.
  1747 | D:2      | Reached XP level 5. HP: 45/45 MP: 7/7
  2787 | D:3      | Reached skill level 1 in Slings
  2975 | D:4      | Found a staircase to the Ecumenical Temple.
  3104 | Temple   | Entered the Ecumenical Temple
  3553 | D:4      | Noticed an ogre
  3610 | D:4      | Reached XP level 6. HP: 52/52 MP: 8/8
  4677 | D:5      | Entered Level 5 of the Dungeon
  4797 | D:4      | Reached XP level 7. HP: 46/60 MP: 9/9
  4879 | D:5      | Found the +9 staff of Olgreb {rPois∞}
  4883 | D:5      | Found a runed translucent door.
  4909 | D:5      | Found a runed translucent gate.
  4922 | D:5      | Found a runed translucent gate.
  4922 | D:5      | Found a runed translucent gate.
  4930 | D:5      | Found a runed translucent door.
  5452 | D:4      | Reached skill level 5 in Fighting
  5828 | D:5      | Reached skill level 1 in Bows
  6412 | D:5      | Found Siysham's Antique Weapon Boutique.
  6415 | D:5      | Bought a runed dagger for 160 gold pieces
  6677 | D:6      | Reached skill level 2 in Bows
  6764 | D:6      | Reached skill level 3 in Bows
  6764 | D:6      | Reached skill level 5 in Unarmed Combat
  6764 | D:6      | Reached XP level 8. HP: 55/69 MP: 10/10
  7016 | D:6      | Reached skill level 4 in Bows
  7415 | D:6      | Reached skill level 5 in Bows
  8113 | D:6      | Reached skill level 6 in Bows
  8381 | D:7      | Noticed Pikel
  8579 | D:7      | Found a snail-covered altar of Cheibriados.
  8719 | D:7      | Found a flagged portal.
  8728 | Bailey   | Entered a bailey
  8750 | Bailey   | Reached skill level 7 in Bows
  8793 | Bailey   | Reached XP level 9. HP: 65/78 MP: 11/11
  9219 | Bailey   | Reached skill level 8 in Bows
 10041 | Bailey   | Reached skill level 9 in Bows
 10474 | Bailey   | Reached skill level 10 in Bows
 10768 | D:7      | Noticed Joseph
 10795 | D:7      | Killed Joseph
 10795 | D:7      | Reached skill level 5 in Armour
 11172 | D:7      | Gained mutation: Scrolls take you a little longer to read.
                  | [potion of mutation]
 11172 | D:7      | Gained mutation: Your muscles are strong. (Str +2) [potion
                  | of mutation]
 11177 | D:7      | Killed Pikel
 11177 | D:7      | Reached XP level 10. HP: 90/90 MP: 12/12
 11463 | D:7      | Found an iron altar of Okawaru.
 11464 | D:7      | Noticed Maggie
 11490 | D:7      | Reached skill level 11 in Bows
 11741 | D:6      | Noticed a brown ugly thing
 12161 | D:7      | Killed Maggie
 12206 | D:7      | Found a glowing silver altar of Zin.
 12224 | D:7      | Became a worshipper of Warmaster Okawaru
 12798 | D:8      | Reached skill level 12 in Bows
 13218 | D:8      | Reached * piety under Okawaru
 13266 | D:8      | Found a burning altar of Makhleb.
 13266 | D:8      | Found a hazy altar of Hepliaklqana.
 13350 | D:8      | Found a staircase to the Lair.
 13704 | D:8      | Upgraded the game from 0.25.0-1-g7eea58d2a3 to
                  | 0.25.0-3-gd7cc5688da
 13844 | D:9      | Reached skill level 10 in Fighting
 14020 | D:9      | Reached skill level 1 in Invocations
 14169 | D:9      | Found a radiant altar of Vehumet.
 14225 | D:9      | Found an ancient bone altar of Kikubaaqudgha.
 14241 | D:9      | Found a shimmering blue altar of Sif Muna.
 14263 | D:9      | Identified Vehumet's Collected Works on Attacks
 14324 | D:9      | Reached skill level 13 in Bows
 14498 | D:9      | Reached ** piety under Okawaru
 14498 | D:9      | Reached XP level 11. HP: 99/99 MP: 13/13
 15088 | D:10     | Entered Level 10 of the Dungeon
 15142 | D:10     | Killed an unseen horror
 15972 | D:10     | Noticed a red ugly thing
 15988 | D:10     | Killed a red ugly thing
 15988 | D:10     | Reached *** piety under Okawaru
 16351 | D:10     | Found an ancient bone altar of Kikubaaqudgha.
 16411 | D:10     | Killed an unseen horror
 16589 | D:10     | Noticed Hyawatha's ghost (novice VSWz)
 16590 | D:10     | Found a runed translucent door.
 16590 | D:10     | Identified the +4 trident of Luaffugh {holy, rC+ Int+2
                  | SInv}
 16630 | D:10     | Reached skill level 14 in Bows
 17036 | Lair:1   | Entered Level 1 of the Lair of Beasts
 17102 | Lair:1   | Reached **** piety under Okawaru
 17188 | Lair:1   | Received a gift from Okawaru
 17385 | Lair:1   | Found a large runed translucent door.
 17386 | Lair:1   | Found a large runed translucent door.
 17388 | Lair:1   | Noticed Vew Pil's ghost (journeyman DrTm)
 17657 | Lair:1   | Received a gift from Okawaru
 17968 | Lair:1   | Reached skill level 15 in Bows
 18524 | Lair:2   | Found a staircase to the Snake Pit.
 18568 | Lair:2   | Reached XP level 12. HP: 90/112 MP: 15/15
 18754 | Lair:2   | Noticed a catoblepas
 18857 | Lair:2   | Killed a catoblepas
 19323 | Lair:2   | Got a brightly glowing glaive
 19326 | Lair:2   | Identified the +1 glaive of Impermanence {drain, rC+} (You
                  | found it on level 2 of the Lair of Beasts)
 19367 | Lair:2   | HP: 5/112 [oklob plant/splash of acid (5)]
 19367 | Lair:2   | Splashed by an oklob plant's acid

Illustrated notes

Levels and vault maps discovered:
D:1:      dpeg_arrival_subterranean_lakeside_camping, layout_rooms
D:2:      layout_rooms, first_ration,
          nicolae_gozag_cash_rules_everything_around_me
D:3:      layout_basic, guppyfry_early_orc_mine
D:4:      layout_basic, minmay_temple_entry_offerings
D:5:      layout_rooms, serial_shops, nicolae_shop_behind_doors, nrook_uturn,
          minmay_guarded_unrand_staff_of_olgreb
D:6:      minmay_klotski, layout_basic
D:7:      layout_basic, lemuel_round_altar, okawaru_trees_1,
          kennysheep_mini_moat, enter_bailey_8, uniq_maggie, uniq_joseph,
          uniq_pikel
D:8:      layout_basic, minitemple, due_lair_maze_entry_diamond
D:9:      layout_cave_pods, palyth_temple_overflow_mages
D:10:     minmay_skewed_foursquare, layout_loops_ring,
          ebering_ghost_funeral_grove, basic_altar
D:11:     layout_small_grid, serial_shops, shop_statue, david_nohive_1
Temple:   minmay_temple_curvy_branch
Lair:1:   layout_layer_cave, ebering_ghost_disaster_area, st_stairs_11,
          beast_lair_carwin_6
Lair:2:   layout_cave_pods, minmay_snake_entry_guardpost_small,
          minmay_lair_oklob_chamber

Skill      XL: |  1  2  3  4  5  6  7  8  9 10 11 12 |
---------------+-------------------------------------+-----
Fighting       | 2 3 4 5 6 8 10 11 12 | 12.1
Armour         | 1 2 3 5 6 7 |  7.2
Slings         | 1 3 |  3.7
Unarmed Combat | 4 5 |  5.0
Bows           | 3 7 10 13 15 | 15.6
Invocations    | 2 4 |  4.0
Dodging        | |  1.5
Spellcasting   | |  1.5
Transmutations | |  1.7

Action                   |  1- 3 |  4- 6 |  7- 9 | 10-12 || total
-------------------------+-------+-------+-------+-------++-------
Melee: Unarmed           |    68 |   215 |   258 |    39 ||   580
       Kick              |    14 |    36 |    69 |    20 ||   139
       Punch             |       |     1 |     1 |       ||     2
       Dagger            |       |       |    27 |    14 ||    41
       Shortbow          |       |       |       |     4 ||     4
 Fire: Hunting sling     |       |    30 |       |       ||    30
       Shortbow          |       |       |   468 |   859 ||  1327
Throw: Dart              |       |    37 |    75 |     8 ||   120
       Boomerang         |       |    17 |   110 |       ||   127
       Javelin           |       |       |    10 |       ||    10
Invok: Heroism           |       |       |       |     8 ||     8
Evoke: Wand              |       |       |     8 |     2 ||    10
  Use: Potion            |     2 |       |     2 |     3 ||     7
       Scroll            |       |     2 |     3 |    10 ||    15
  Eat: Chunk             |       |     6 |    11 |    16 ||    33
       Ration            |       |     1 |     2 |     1 ||     4
Armor: Plate armour      |    58 |   166 |   340 |   209 ||   773
       Skin              |       |       |     1 |       ||     1
Dodge: Dodged            |       |    25 |    50 |    59 ||   134
Block: Other             |       |       |       |     9 ||     9
